 Dungeon Crawl Stone Soup version 0.23.2-1-ga50397a (webtiles) character file.

Game seed: 16871568376651374616

1233 IBeShadow the Skirmisher (level 8, -3/78 HPs)
             Began as a Naga Fighter on May 8, 2019.
             Was an Elder of Cheibriados.
             Slain by a wyvern zombie (11 damage)
             ... on level 6 of the Dungeon.
             The game lasted 00:13:02 (6047 turns).

IBeShadow the Skirmisher (Naga Fighter)             Turns: 6047, Time: 00:13:03

Health: -3/78      AC:  9    Str: 30    XL:     8   Next: 48%
Magic:  10/10      EV:  8    Int: 19    God:    Cheibriados [****..]
Gold:   257        SH:  0    Dex: 24    Spells: 7/7 levels left

rFire    . . .     SeeInvis +   a - +0 war axe
rCold    . . .     Gourm    .   (no shield)
rNeg     . . .     Faith    .   b - +0 scale mail
rPois    +         Spirit   .   v - +1 helmet
rElec    .         Reflect  .   (no cloak)
rCorr    .         Harm     .   i - +0 pair of gloves
MR       +....                  (no barding)
Stlth    ++++......             (no amulet)
HPRegen  0.23/turn              n - +3 ring of dexterity
MPRegen  0.12/turn              z - ring of stealth

@: very slow
A: large, see invisible, deformed body, poison resistance, slowness 2, slow
metabolism 1, spit poison 1, AC +2
a: Spit Poison, Bend Time, Temporal Distortion, Slouch, Renounce Religion


You were on level 6 of the Dungeon.
You worshipped Cheibriados.
Cheibriados was greatly pleased with you.
You were not hungry.

You visited 2 branches of the dungeon, and saw 7 of its levels.

You collected 257 gold pieces.

Inventory:

Hand Weapons
 a - a +0 war axe (weapon)
 h - a +0 lajatang
Armour
 b - a +0 scale mail (worn)
 c - a +0 shield
 i - a +0 pair of gloves (worn)
 v - a +1 helmet (worn)
 A - a +0 buckler
Jewellery
 n - a +3 ring of dexterity (left hand)
 z - a ring of stealth (right hand)
Scrolls
 j - 4 scrolls of teleportation
 l - a scroll of enchant armour
 p - a scroll of identify
 q - a scroll of immolation
 r - a scroll of remove curse
 u - a scroll of fear {unknown}
 w - a scroll of magic mapping {unknown}
 y - 2 scrolls of enchant weapon {unknown}
Potions
 d - 2 potions of might
 e - a potion of agility {unknown}
 g - 5 potions of curing
 k - a potion of degeneration {unknown}
 m - 2 potions of brilliance
 o - a potion of invisibility {unknown}
 s - a potion of haste {unknown}
 t - a potion of heal wounds {unknown}
 x - a potion of lignification {unknown}
 B - a potion of ambrosia {unknown}
Comestibles
 f - 9 rations


   Skills:
 * Level 6.7 Fighting
 - Level 6.1 Axes
 * Level 1.4 Staves
 - Level 2.4 Armour
 + Level 6.3 Stealth
 - Level 2.4 Shields
 + Level 2.7 Invocations


You had 7 spell levels left.
You didn't know any spells.
Your spell library was empty.

Dungeon Overview and Level Annotations

Branches:
Dungeon (6/15)             Temple (1/1) D:6

Altars:
Ashenzari
Cheibriados
Dithmenos
Hepliaklqana
Makhleb
Okawaru
Qazlal
Ru
Sif Muna
Trog
Uskayaw
Vehumet
Xom
Yredelemnul


Innate Abilities, Weirdness & Mutations

You cannot wear boots.
Your serpentine skin is tough. (AC +2)
You have supernaturally acute eyesight. (SInv)
Armour fits poorly on your strangely shaped body.
Your system is resistant to poisons. (rPois)
You cover ground very slowly.
You have a slow metabolism.
You can spit poison.


Message History

* * * LOW HITPOINT WARNING * * *
You hit the wyvern zombie.
The wyvern zombie is severely damaged.
The wyvern zombie bites you.
* * * LOW HITPOINT WARNING * * *
The gnoll closely misses you.
You hit the wyvern zombie but do no damage.
The wyvern zombie is severely damaged.
The wyvern zombie bites you.
* * * LOW HITPOINT WARNING * * *
The gnoll barely misses you. The wyvern zombie bites you.
* * * LOW HITPOINT WARNING * * *
You feel better. The gnoll closely misses you. The wyvern zombie bites you.
* * * LOW HITPOINT WARNING * * *
You eat one of the 10 rations.
That ration really hit the spot!
The wyvern zombie bites you!
* * * LOW HITPOINT WARNING * * *
The gnoll closely misses you.
You feel better. The wyvern zombie bites you!
You die...

........# ........##
.......... ......... ##
...........# ......(.##?#
...../Z..#.# .......@.#.###
.(......<#...####
.........g.......
....$......#.###g .
##########.#.#
..################...#
##.........<......########.
...........................
#.........######..........


You could see a gnoll and a wyvern zombie.

Vanquished Creatures
  Grinder (D:3)
  An ice beast (D:5)
  An ogre (D:5)
  A sky beast (D:5)
  A centaur (D:5)
  2 bullfrogs
  A scorpion (D:6)
  A crimson imp (D:5)
  A hound (D:6)
  An orc priest (D:3)
  An orc wizard (D:3)
  A jelly (D:6)
  Jessica (D:3)
  3 worker ants
  A worker ant zombie (D:5)
  11 adders
  An ooze (D:3)
  2 worms
  5 dart slugs
  5 leopard geckos
  14 orcs
  9 giant cockroaches
  2 gnoll zombies (D:4)
  7 goblins
  9 hobgoblins
  20 jackals
  2 quokkas
  A ball python zombie (D:5)
  11 bats
  5 frilled lizards
  4 kobolds
  A quokka zombie (D:5)
  7 rats
134 creatures vanquished.

Notes
Turn   | Place    | Note
-------+----------+-------------------------------------------
     0 | D:1      | IBeShadow the Naga Fighter began the quest for the Orb.
     0 | D:1      | Reached XP level 1. HP: 21/21 MP: 1/1
   216 | D:1      | Reached XP level 2. HP: 20/28 MP: 2/2
   328 | D:1      | Reached skill level 1 in Stealth
   820 | D:1      | Reached XP level 3. HP: 32/34 MP: 3/3
  1078 | D:2      | Found a snail-covered altar of Cheibriados.
  1086 | D:2      | Became a worshipper of Cheibriados the Contemplative
  1710 | D:2      | Reached XP level 4. HP: 44/44 MP: 4/4
  1785 | D:2      | Reached * piety under Cheibriados
  2144 | D:3      | Reached XP level 5. HP: 49/50 MP: 5/5
  2185 | D:3      | Reached ** piety under Cheibriados
  2377 | D:3      | Noticed Jessica
  2401 | D:3      | Killed Jessica
  2460 | D:3      | Noticed Grinder
  2477 | D:3      | Killed Grinder
  2477 | D:3      | Reached skill level 5 in Fighting
  2477 | D:3      | Reached XP level 6. HP: 10/61 MP: 6/6
  2840 | D:3      | Reached XP level 7. HP: 52/67 MP: 7/7
  2972 | D:3      | Reached *** piety under Cheibriados
  3245 | D:3      | Reached skill level 5 in Axes
  4392 | D:4      | Reached **** piety under Cheibriados
  4395 | D:4      | Found a basalt altar of Yredelemnul.
  4654 | D:5      | Entered Level 5 of the Dungeon
  4737 | D:5      | Reached skill level 5 in Stealth
  4737 | D:5      | Reached skill level 1 in Invocations
  4909 | D:5      | Reached XP level 8. HP: 66/76 MP: 9/9
  5520 | D:6      | Found a staircase to the Ecumenical Temple.
  5528 | D:6      | Reached skill level 1 in Staves
  5664 | Temple   | Entered the Ecumenical Temple
  6046 | D:6      | HP: 1/78 [wyvern zombie (10)]
  6047 | D:6      | Slain by a wyvern zombie

Skill      XL: |  1  2  3  4  5  6  7  8 |
---------------+-------------------------+-----
Stealth        | 1 2 4 5 6 |  6.3
Axes           | 3 4 5 6 |  6.1
Fighting       | 4 5 6 |  6.7
Invocations    | 1 2 |  2.7
Staves         | 1 |  1.4
Armour         | |  2.4
Shields        | |  2.4

Action                   |  1- 3 |  4- 6 |  7- 9 || total
-------------------------+-------+-------+-------++-------
Melee: War axe           |    86 |   113 |   144 ||   343
       Lajatang          |       |       |    11 ||    11
Invok: Bend Time         |       |       |     1 ||     1
 Abil: Spit Poison       |     5 |    11 |     7 ||    23
  Use: Potion            |       |     4 |     2 ||     6
       Scroll            |       |       |     9 ||     9
 Stab: Sleeping          |       |       |     7 ||     7
  Eat: Chunk             |     2 |     3 |     5 ||    10
       Ration            |       |       |     1 ||     1
Armor: Scale mail        |    60 |    73 |    98 ||   231
Dodge: Dodged            |    38 |    54 |    87 ||   179
Block: Buckler           |       |       |    20 ||    20
